AoeStats
← den svarte mannen

Nomad

509450757Analyzed
3v3 RM · 5d ago on Sep 26, 2026· 43m 6s· 6 players
Game mode
Random Map
Map size
210×210
Population
200
Speed
Normal
Resources
Standard
Victory
Conquest
Starting age
Dark Age
Ending age
Imperial Age
RankedLock teamsTeams togetherTeam positionsShared explorationLock speedFull tech treeHidden civsTurbo modeCheats
Victory
Defeat
🇨🇦 Burgundians · Canada
1375
+15
🇫🇷 Japanese · France
1373
+15
🇫🇷 Tatars · France
1255
+19
🇸🇪 Aztecs · Sweden
1364
-17
🇸🇪 Shu · Sweden
1351
-17
🇸🇪 Muisca · Sweden
1308
-15
hikoko96
12:25 Feudal Age
12:37 Loom
23:29 Castle Age
22:46 Scale Barding Armor
24:38 Husbandry
25:45 Chain Barding Armor
34:29 Wheelbarrow
37:34 Horse Collar
39:34 Fishing Lines
40:31 Hand Cart
42:14 Gillnets
42:36 Caravan
Omega
4:01 Loom
12:23 Feudal Age
13:12 Double-Bit Axe
19:32 Castle Age
19:49 Fletching
20:46 Medium Warships
21:53 Bow Saw
23:06 Gold Mining
23:05 Fishing Lines
26:07 Town Watch
27:27 Careening
28:04 Wheelbarrow
28:07 Gillnets
33:31 Scale Mail Armor
33:42 Forging
37:45 Iron Casting
39:04 Chain Mail Armor
43:04 Imperial Age
41:07 Arson
41:23 Squires
42:06 Hand Cart
44:14 Plate Mail Armor
Parov Stelar
5:22 Loom
13:01 Feudal Age
17:05 Castle Age
16:24 Double-Bit Axe
18:08 Fletching
18:18 Town Watch
18:45 Bow Saw
19:30 Bodkin Arrow
23:38 Horse Collar
27:56 Scale Barding Armor
30:41 Husbandry
32:49 Chain Barding Armor
32:49 Fishing Lines
33:36 Forging
36:10 Iron Casting
39:19 Wheelbarrow
42:56 Imperial Age
41:55 Gillnets
den svarte mannen
4:22 Loom
13:18 Feudal Age
14:34 Feudal Age
18:25 Castle Age
16:04 Champi Runner
17:25 Scale Mail Armor
17:58 Fishing Lines
18:13 Double-Bit Axe
19:24 Squires
19:49 Champi Warrior
27:43 Chain Mail Armor
27:43 Forging
27:29 Town Watch
28:51 Horse Collar
34:19 Pikeman
Den gröne mannen
7:31 Loom
12:36 Feudal Age
13:30 Double-Bit Axe
14:57 Fletching
20:44 Castle Age
21:00 Crossbowman
30:04 Ballistics
30:24 Horse Collar
31:35 Bow Saw
37:33 Bodkin Arrow
37:40 Padded Archer Armor
37:51 Pikeman
38:31 Squires
41:14 Imperial Age
39:52 Scale Mail Armor
41:36 Coiled Serpent Array
41:15 Arbalester
41:55 Bracer
42:21 Chain Mail Armor
43:07 Conscription
johg0001
10:17 Loom
13:48 Feudal Age
17:52 Castle Age
16:25 Double-Bit Axe
18:19 Scale Mail Armor
20:39 Pikeman
28:24 Forging
30:35 Fletching
38:22 Squires
39:14 Wheelbarrow
38:09 Eagle Warrior
Connection lost

Rejoining the realm…

Still unreachable

The connection could not be restored.

Session expired

The server has moved on; the page needs a fresh start.